 Dungeon Crawl Stone Soup version 0.18.1-48-g4cf74bf (webtiles) character file.

101 torvon the Ducker (level 4, -14/22 HPs)
             Began as a Spriggan Arcane Marksman on Aug 12, 2016.
             Killed from afar by an orc (33 damage)
             ... with an exploding inner flame
             ... hexed by the player character
             ... on level 3 of the Dungeon.
             The game lasted 00:15:18 (2869 turns).

torvon the Ducker (Spriggan Arcane Marksman)        Turns: 2869, Time: 00:15:19

Health: -14/22     AC:  2    Str:  7    XL:     4   Next: 48%
Magic:  0/8        EV: 19    Int: 14    God:
Gold:   77         SH:  0    Dex: 16    Spells: 2 memorised, 3 levels left

rFire  . . .     SeeInvis +     a - +0 shortbow
rCold  . . .     Gourm    .     b - +0 robe
rNeg   . . .     Faith    .     (shield currently unavailable)
rPois  .         Spirit   .     (helmet restricted)
rElec  .         Dismiss  .     (no cloak)
rCorr  .         Reflect  .     (gloves unavailable)
SustAt .         Harm     .     (boots unavailable)
MR     .....                    (no amulet)
Stlth  +.........               (no ring)
                                (no ring)

@: very quick, not resistant to hostile enchantments, very unstealthy
A: unfitting armour, see invisible, herbivore 3, speed 3, slow metabolism 2
a: no special abilities


You were on level 3 of the Dungeon.
You were hungry.

You visited 1 branch of the dungeon, and saw 3 of its levels.

You collected 77 gold pieces.

Inventory:

Hand Weapons
 a - a +0 shortbow (weapon)
 e - a +0 spear
 g - a +0 dagger
 p - a +0 falchion
 q - a +0 long sword
Missiles
 d - 5 arrows (quivered)
 i - 17 poisoned needles
 o - a throwing net
Armour
 b - a +0 robe (worn)
 s - a +0 leather armour
Jewellery
 j - a cursed ring of teleportation {unknown}
Scrolls
 k - 3 scrolls of identify {unknown}
 l - a scroll of noise {unknown}
 r - a scroll of magic mapping {unknown}
 t - a scroll of teleportation {unknown}
Potions
 h - 3 potions of heal wounds {unknown}
 m - a potion of resistance {unknown}
Books
 c - a book of Debilitation

   Spells                             Type                      Level
   a - Corona                         Hexes                        1
   b - Slow                           Hexes                        2
   c - Gell's Gravitas                Hexes/Translocation          3
   d - Inner Flame                    Hexes/Fire                   3
   e - Cause Fear                     Hexes                        4
   f - Leda's Liquefaction            Hexes/Earth                  4
Comestibles
 f - a bread ration
 n - 2 fruits


   Skills:
 + Level 1.5 Fighting
 + Level 3.5 Bows
 + Level 4.4 Dodging
 - Level 2.1 Spellcasting
 + Level 4.2 Hexes


You had 3 spell levels left.
You knew the following spells:

 Your Spells              Type           Power        Failure   Level  Hunger
a - Corona                Hex            ##.....      4%          1    ##.....
b - Inner Flame           Hex/Fire       #.......     30%         3    ####...


Dungeon Overview and Level Annotations

Branches:
Dungeon (3/15)

Altars:
Cheibriados
Dithmenos
Elyvilon
Fedhas
Gozag

Shops:
D:2 *


Innate Abilities, Weirdness & Mutations

You are tiny and cannot use many weapons and most armour.
You have supernaturally acute eyesight.
You are a herbivore.
You cover ground extremely quickly.
You need consume almost no food.


Message History

Press: ? - help, Shift-Dir - straight line, f/p - orc
Aim: an orc, wielding a club and wearing a ring mail (softly glowing, inner flame)
You shoot an arrow.
The arrow hits the orc but does no damage.
The orc misses you. The orc priest barely misses you.
Firing (i - inventory. (,) - cycle):
d - 6 arrows (quivered)
Press: ? - help, Shift-Dir - straight line, f/p - orc
Aim: an orc, wielding a club and wearing a ring mail (softly glowing, inner flame)
You shoot an arrow. The arrow hits the orc.
The orc is lightly wounded.
You are feeling hungry.
The orc barely misses you. The orc priest completely misses you.
Firing (i - inventory. (,) - cycle):
d - 5 arrows (quivered)
Press: ? - help, Shift-Dir - straight line, f/p - orc
Aim: an orc, wielding a club and wearing a ring mail (lightly wounded, softly glowing, inner flame)
You shoot an arrow. The arrow hits the orc!
The orc explodes!
The fiery explosion engulfs you!
Ouch! That really hurt!
You die...

# #. #.
###.######
.........#
.....§h§.#
.....§§@(#
..$..§o§.#
.........#
.........#
.........#
.........#
.........#
.>###.####


You could see a hound and an orc priest.

Vanquished Creatures
  3 adders (D:2)
  2 worms (D:2)
  A dart slug (D:1)
  2 giant geckos (D:2)
  An orc (D:2)
  8 bats
  4 giant cockroaches
  7 goblins
  6 hobgoblins
  5 jackals
  A quokka (D:2)
  4 giant newts
  7 kobolds
  7 rats
58 creatures vanquished.

Notes
Turn   | Place    | Note
--------------------------------------------------------------
     0 | D:1      | torvon the Spriggan Arcane Marksman began the quest for the Orb.
     0 | D:1      | Reached XP level 1. HP: 9/9 MP: 3/3
   342 | D:1      | Reached XP level 2. HP: 14/14 MP: 3/5
  1021 | D:1      | Reached skill level 1 in Fighting
  1022 | D:1      | Reached XP level 3. HP: 18/18 MP: 5/7
  1595 | D:2      | Found a blossoming altar of Fedhas.
  1601 | D:2      | Found a white marble altar of Elyvilon.
  1603 | D:2      | Found a snail-covered altar of Cheibriados.
  1826 | D:2      | Reached XP level 4. HP: 21/22 MP: 6/8
  2003 | D:2      | Found a shadowy altar of Dithmenos.
  2048 | D:2      | Found an opulent altar of Gozag.
  2048 | D:2      | Found Gozag's Platinum Reserve.
  2497 | D:2      | Learned a level 3 spell: Inner Flame
  2869 | D:3      | Killed from afar by an orc

Skill      XL: |  1  2  3 |
---------------+----------+-----
Hexes          | 4 |  4.2
Spellcasting   | 2 |  2.1
Fighting       | 1 |  1.5
Dodging        | 4 |  4.4
Bows           | 3 |  3.5

Action                   |  1- 3 |  4- 6 || total
-------------------------+-------+-------++-------
Melee: Long sword        |     1 |    51 ||    52
 Fire: Shortbow          |   161 |    12 ||   173
Throw: Throwing net      |     1 |     2 ||     3
 Cast: Corona            |    27 |    16 ||    43
       Inner Flame       |       |     1 ||     1
Armor: Robe              |    19 |    10 ||    29
Dodge: Dodged            |   103 |    82 ||   185
